[Event "13th Palmanova Festival A 2024"]
[Site "Palmanova"]
[Date "2024.12.29"]
[Round "3.1"]
[White "Domalchuk-Jonasson, Aleksandr"]
[Black "Zamengo, Fulvio"]
[Result "0-1"]
[ECO "B21"]
[WhiteElo "2377"]
[BlackElo "2348"]
[Annotator "TA"]
[PlyCount "80"]
[EventDate "2024.12.27"]
[EventCountry "ITA"]
[SourceTitle "playchess.com"]
[Source "ChessBase"]
[SourceQuality "1"]
[TimeControl "6000+30"]

1. e4 c5 2. Be2 Nc6 3. f4 e6 4. Nf3 d5 5. d3 Bd6 6. O-O $1 Nge7 7. c3 O-O 8. Be3 {[%emt 0:10:49] The position is equal.} f6 9. g3 Bd7 10. Nbd2 Qc7 11. Bf2 Be8 12. a3 Bf7 13. b4 b6 14. Rc1 Rfd8 15. Qc2 (15. Re1 $14 {feels stronger.}) 15... Rac8 16. Qb2 (16. d4 $5) 16... Ng6 17. d4 dxe4 18. Nxe4 cxd4 19. Ba6 Bxf4 20. gxf4 $16 Qxf4 21. Qe2 (21. Nxd4 $2 Qxe4 22. Qe2 Qxe2 23. Nxe2 Rc7 $19) ({Better is} 21. Nfd2 $16 Nce5 22. Bxd4 Qg4+ 23. Kh1) 21... Qg4+ ({Black should play} 21... d3 $11 22. Qe3 (22. Bxd3 Qg4+ 23. Kh1 Rxd3 $15) 22... Rc7) 22. Bg3 $14 Nf4 23. Qe1 {[%emt 0:00:13] [#]} (23. Qd2 $1 $14 Nh3+ 24. Kg2) 23... d3 $1 $15 {[%emt 0:00:06] Hoping for ...Ne2+.} 24. Qe3 Ne2+ 25. Kg2 Nxc1 (25... Ne7 $5 26. Nf2 Qg6 27. Bxd3 Nd5 28. Qxe2 Nf4+ 29. Kh1 Nxe2 30. Bxg6 Bxg6 $16) 26. Bxc8 {[%emt 0:00:41] And now Bb7 would win.} Ne7 {[%emt 0:01:10] ...Nf5 would now be deadly. Some like it hot} 27. Bb7 (27. Rxc1 Nd5 (27... Rxc8 28. Qxd3 e5 29. h3 $14) 28. Nxf6+ (28. Qxd3 $2 Nf4+ 29. Kg1 Rxd3 $19) 28... gxf6 $17) (27. Ba6 $1 $11 Ne2 (27... Nd5 28. Qxc1 Qxe4 29. Re1 $16) 28. Nf2 (28. Bxd3 $2 Nd5 $19)) 27... Ne2 {[%emt 0:00:39][%mdl 1024] Threatens to win with ...e5. Black has compensation.} 28. Nf2 Qc4 $36 {[%emt 0:00:11][%cal Oe2g3][%mdl 2048] [#] Strongly threatening ...Nxg3! White is under strong pressure. Black is more active.} 29. Be4 {[%emt 0:00:35] This costs White the game.} (29. Rd1 $17) 29... Nd5 $19 (29... Nxc3 30. Bxd3 Qb3 31. Ra1 $11) 30. Qd2 Bg6 ({Less strong is} 30... Nexc3 31. Bxd3 Qb3 32. Kg1 $11) 31. Bxd5 Rxd5 32. Nd1 {[%emt 0:00:16] White is weak on the light squares} Rd7 33. Rf2 Qc6 ({Not} 33... e5 34. Rxe2 dxe2 35. Qxd7 $11) 34. Kf1 e5 35. Ke1 Bh5 36. Qe3 Nxc3 37. Nb2 (37. Nxc3 Qxc3+ 38. Rd2) 37... Ne4 {[%emt 0:00:37][%cal Od3d2] White must now prevent ...d2+!} 38. Nxe5 fxe5 ({Wrong is} 38... Qc1+ $2 39. Qxc1 Re7 40. Qc4+ Bf7 41. Qxe4 $18) 39. Nxd3 Rxd3 40. Qxd3 Qc1+ {[%emt 0:00:06] Weighted Error Value: White=0.65/Black=0.14 (very precise) .  Mistake:       	White=6     	Black=2      Inaccurate:     	White=4     	Black=2      OK:         	White=10    	Black=14     Best:        	White=1     	Black=2      Strong:       	---       	Black=1} 0-1

[Event "13th Palmanova Festival A 2024"]
[Site "Palmanova"]
[Date "2024.12.29"]
[Round "3.2"]
[White "Savanovic, Aleksandar"]
[Black "Dobrovoljc, Vid"]
[Result "1/2-1/2"]
[ECO "C88"]
[WhiteElo "2354"]
[BlackElo "2365"]
[Annotator "TA"]
[PlyCount "27"]
[EventDate "2024.12.27"]
[EventCountry "ITA"]
[SourceTitle "playchess.com"]
[Source "ChessBase"]
[SourceQuality "1"]
[TimeControl "6000+30"]

1. e4 e5 2. Nf3 Nc6 3. Bb5 a6 4. Ba4 Nf6 5. O-O Be7 6. Re1 b5 7. Bb3 O-O 8. a4 Bb7 9. d3 Re8 10. Nc3 b4 11. Nd5 Na5 12. Nxe7+ (12. Nxe5 Nxb3 13. cxb3 Nxd5 14. exd5 Bxd5 $11) 12... Qxe7 13. Ba2 d5 14. Bg5 {[%emt 0:00:07] Not much happened in this game.   OK:         	White=2     	Black=1} 1/2-1/2

[Event "13th Palmanova Festival A 2024"]
[Site "Palmanova"]
[Date "2024.12.29"]
[Round "3.3"]
[White "Bettalli, Francesco"]
[Black "Cina`, Vittorio"]
[Result "1/2-1/2"]
[ECO "C45"]
[WhiteElo "2359"]
[BlackElo "2325"]
[Annotator "TA"]
[PlyCount "60"]
[EventDate "2024.12.27"]
[EventCountry "ITA"]
[SourceTitle "playchess.com"]
[Source "ChessBase"]
[SourceQuality "1"]
[TimeControl "6000+30"]

1. e4 e5 2. Nf3 Nc6 3. d4 exd4 4. Nxd4 Qf6 5. Nf3 Bb4+ 6. c3 Bc5 7. Be2 h6 8. O-O Nge7 9. Qc2 O-O 10. b4 Bb6 $1 (10... Bxb4 11. cxb4 Nxb4 12. Qd2 $18 (12. Qxc7 Qxa1 13. Nc3 Nbc6 $15)) 11. Bb2 Ng6 12. b5 Nce5 13. Nxe5 Qxe5 14. Nd2 ({Better is} 14. c4 $11 Qg5 15. a4) 14... Nf4 $15 15. Nf3 Qe6 16. Nd4 Qg6 17. Bf3 d5 {[%emt 0:04:57] and ...Bxd4 should not be overlooked} 18. Kh1 Re8 19. Rae1 Bg4 20. Bxg4 Qxg4 21. f3 Qd7 $36 {[%emt 0:02:22][%mdl 2048] White is under pressure.} 22. g3 Ne6 23. Nxe6 (23. Nf5 {is more complex.} dxe4 24. Rxe4 Qxb5 25. Nxh6+ gxh6 26. c4) 23... Rxe6 24. Qd3 Qe7 (24... c6 $15) 25. c4 (25. Qxd5 $11 Rd8 26. Qxb7) 25... dxe4 $17 26. fxe4 Rd8 27. Qf3 f6 ({Inferior is} 27... Rd2 28. Qc3 (28. Bxg7 $2 Kxg7 29. e5 Rd4 $19) 28... Rd4 29. c5 Bxc5 30. Ba3 Bxa3 31. Qxd4 $16) ({Black should try} 27... Bd4 $17 28. Bc1 Qe8) 28. e5 $1 $11 fxe5 29. Ba3 $1 Qe8 30. Qxb7 {[%emt 0:00:22] Threatens to win with Rf8+.} c5 (30... Qg6 $11) 1/2-1/2

[Event "13th Palmanova Festival A 2024"]
[Site "Palmanova"]
[Date "2024.12.29"]
[Round "3.4"]
[White "Sepehrkhoui, Ardeshir"]
[Black "Gkoumas, Georgios"]
[Result "1/2-1/2"]
[ECO "D30"]
[WhiteElo "2266"]
[BlackElo "2449"]
[Annotator "TA"]
[PlyCount "91"]
[EventDate "2024.12.27"]
[EventCountry "ITA"]
[SourceTitle "playchess.com"]
[Source "ChessBase"]
[SourceQuality "1"]
[TimeControl "6000+30"]

1. d4 Nf6 2. Nf3 d5 3. c4 e6 4. Qc2 dxc4 5. e3 c5 6. dxc5 Bxc5 7. Bxc4 O-O 8. O-O b6 9. a3 Bb7 10. Nbd2 a5 11. b3 Qe7 12. Bb2 Nbd7 13. Ng5 Rac8 14. Nde4 Nxe4 15. Nxe4 Qh4 (15... b5 $5 16. Bd3 (16. Bxb5 $2 Bd4 $19) 16... b4 17. axb4 (17. Nxc5 Nxc5 18. axb4 Nxd3 $17) 17... Bxb4 $15) 16. Qc3 Qh6 17. Nxc5 Rxc5 18. Qd4 {[%emt 0:00:24] [#]} (18. Qd2 $11 Ne5 19. Bxe5 Rxe5 20. f4) 18... Rg5 19. f3 $11 (19. Qxd7 $2 Rxg2+ 20. Kh1 Qxh2#) 19... Qh3 20. g3 (20. Rf2 $5 Bxf3 21. Bf1 $15) 20... Ne5 21. e4 Rh5 (21... Rxg3+ $11 22. hxg3 Qxg3+ 23. Kh1 Qh3+ 24. Kg1 Qg3+) 22. Rf2 $16 Nxf3+ 23. Rxf3 Qxh2+ 24. Kf1 Qh3+ 25. Ke1 Qg4 26. Be2 (26. Qe3 $16) 26... Rh1+ $1 $11 (26... Bxe4 $2 27. Re3 Rh1+ 28. Kd2 $18) 27. Kf2 Rh2+ 28. Ke1 Rxe2+ 29. Kxe2 $16 {[%emt 0:00:01][%cal Oe2f2] aiming for Kf2!.} Bxe4 30. Raf1 $1 Rc8 {[%emt 0:00:01][%cal Oe6e5] [#]} 31. Bc3 (31. Ke1 $1 $16 Bxf3 32. Rxf3 (32. Qxb6 $2 Qe4+ 33. Kf2 Qe2+ 34. Kg1 Qg2#)) 31... h5 {[%emt 0:01:11] [#] And now ...e5 would win.} 32. Ke3 Bxf3 33. Rxf3 Qg6 (33... f6 $14) 34. Qd3 {[%emt 0:01:10] Active counter play!} (34. Kd2 $16) 34... Qg5+ $14 35. Kf2 Rc5 36. Bd2 Qe7 37. a4 h4 38. gxh4 ({Better is} 38. Kg2 $14) 38... Qxh4+ $11 39. Kg2 Rd5 40. Qc3 Qe4 41. Bf4 g5 42. Qc4 Rd4 43. Qc8+ Kg7 {[%emt 0:00:00] ( -> ...g4)} 44. Bxg5 Qe2+ ({Worse is} 44... Rd3 45. Bf6+ Kh6 46. Qf8+ Kh5 47. Qh8+ (47. Qxf7+ Qg6+ 48. Qxg6+ Kxg6 $18) 47... Kg6 48. Qg7+ Kh5 49. Qg5#) 45. Kg3 {[%emt 0:00:00] Intending Bf6+ and mate.} Qe1+ 46. Kh2 $1 1/2-1/2

[Event "13th Palmanova Festival A 2024"]
[Site "Palmanova"]
[Date "2024.12.29"]
[Round "3.5"]
[White "Martinovici, Ilia"]
[Black "Bouska, Jiri"]
[Result "1-0"]
[ECO "D37"]
[WhiteElo "2473"]
[BlackElo "2267"]
[Annotator "TA"]
[PlyCount "94"]
[EventDate "2024.12.27"]
[EventCountry "ITA"]
[SourceTitle "playchess.com"]
[Source "ChessBase"]
[SourceQuality "1"]
[TimeControl "6000+30"]

1. d4 d5 2. Nf3 Nf6 3. c4 e6 4. Nc3 a6 5. cxd5 exd5 6. Bg5 Be6 7. e3 Nbd7 8. Bd3 Bd6 9. h3 c6 10. O-O Qc7 11. Qd2 h6 12. Bf4 g5 (12... O-O $11) 13. Bxd6 $16 Qxd6 14. Qe2 (14. a4 $14) 14... Rg8 $11 15. Nd2 g4 $1 16. h4 g3 $1 17. e4 Ng4 (17... gxf2+ $5 18. Qxf2 Qb4 (18... Ng4 19. Qf4 $11) 19. exd5 cxd5 $14) 18. fxg3 $1 Qxg3 $40 {[%emt 0:06:53][%mdl 128] Black is out for blood.} 19. Nf3 {[%emt 0:00:05] [#] Wards off Qh2+} Ne3 20. Rf2 Bh3 21. Ne1 $2 (21. Qxe3 $11 Bxg2 22. Bf1 (22. exd5+ Kd8 $11) 22... Bxf3+ 23. Bg2 Bxe4 (23... Bxg2 24. Qxg3 Rxg3 25. Rxg2 $15) 24. Qxg3 Rxg3 25. Nxe4 dxe4 26. Re1) 21... Ng4 $1 $19 {[%emt 0:02:09] ( -> ...Qh2+)} 22. exd5+ {[%emt 0:00:22] [#]} Nde5 $1 23. Qxe5+ (23. dxe5 $2 Qh2+ 24. Kf1 Qh1#) 23... Nxe5 24. Ne4 Qe3 (24... Qxh4 25. Nf6+ Kf8 (25... Ke7 26. dxe5 Rg3 27. d6+ Kd8 28. Nf3 $17) 26. dxe5 $19) 25. Nf6+ Kf8 26. dxe5 Rg3 27. e6 {[%emt 0:03:28] [#]} Bxe6 $2 28. dxe6 $11 Qxe6 29. Bc2 $2 (29. Rd1 $1 $11) 29... Rd8 (29... Re3 $1 $17 30. Nd3 Re2) 30. Bb3 $15 Rxb3 ({Black should play} 30... Qe5 $17 {...Rd6 would now be deadly.} 31. Nc2 Qxb2) 31. axb3 $11 Qxb3 32. Nf3 Rd1+ 33. Rxd1 Qxd1+ 34. Rf1 Qd6 35. Ne5 Qd4+ (35... Qxe5 $2 36. Nd7+ Ke7 37. Nxe5 $18) 36. Rf2 Kg7 {[%emt 0:01:37] [#] Prevents h5} (36... Qxe5 $2 {loses.} 37. Nd7+ Ke7 38. Nxe5 $18) (36... Ke7 $11 {remains equal.} 37. Ng8+ Kf8) 37. Neg4 $1 $16 {[%emt 0:04:39] A dynamic duo of knights.} a5 {[%emt 0:00:24] [#]} 38. Kh2 $1 {[%emt 0:00:25] Dancing on a razor blade.} a4 $2 (38... Qd6+ $16 39. Kh3 Qd1) 39. Re2 $18 h5 $2 (39... Kg6) 40. Nxh5+ Kg6 41. Nhf6 {[%emt 0:00:09] Hoping for h5+.} Qf4+ 42. g3 Qc1 43. h5+ Kg7 44. h6+ Kg6 45. h7 Qd1 46. Re8 (46. h8=R Qxe2+ 47. Kh3 Qxb2 48. Rg8+ Kf5 $19) 46... Qc2+ 47. Kh3 Qd1 1-0

[Event "13th Palmanova Festival A 2024"]
[Site "Palmanova"]
[Date "2024.12.29"]
[Round "3.6"]
[White "Lumachi, Gabriele"]
[Black "Perossa, Nicolas"]
[Result "1-0"]
[ECO "D32"]
[WhiteElo "2438"]
[BlackElo "2259"]
[Annotator "TA"]
[PlyCount "91"]
[EventDate "2024.12.27"]
[EventCountry "ITA"]
[SourceTitle "playchess.com"]
[Source "ChessBase"]
[SourceQuality "1"]
[TimeControl "6000+30"]

1. c4 e6 2. Nf3 d5 3. e3 Nf6 4. b3 Be7 5. Bb2 O-O 6. Nc3 c5 7. cxd5 exd5 8. d4 Nc6 9. Be2 Bg4 10. dxc5 Bxc5 11. O-O a6 12. h3 Bxf3 (12... Be6 $14) 13. Bxf3 $16 d4 14. Na4 Ba7 15. Bxc6 bxc6 16. Bxd4 Bxd4 17. Qxd4 Qxd4 18. exd4 Rfd8 19. Rfd1 Nd5 20. Rac1 Rd6 21. g3 h5 22. h4 f5 23. Nc3 f4 24. Nxd5 cxd5 {[%emt 0:00:18][%mdl 4096] Endgame KRR-KRR. White is a pawn up.} 25. Kg2 (25. gxf4 $6 Rf8 $11) 25... fxg3 26. fxg3 Re8 27. Re1 {[%emt 0:02:21] Against Re2+} Rde6 (27... Re4 $16) 28. Rxe6 $18 Rxe6 {[%emt 0:00:00] KR-KR. White is a pawn up.} 29. Rc5 $1 Re2+ 30. Kf3 Rxa2 31. Rxd5 g6 (31... Ra3 {is a better defense.}) 32. Rd6 Kg7 (32... Kf7 $142 33. Rb6 a5) 33. Rb6 a5 (33... Rc2 $142 34. Re6 (34. Rxa6 Rc3+ 35. Kf4 Rxb3 $14) 34... Rd2) 34. Kf4 Rf2+ 35. Ke5 Rf3 {[%emt 0:01:46] [#]} 36. d5 (36. Rb7+ $1 $18 {and the rest is easy.} Kf8 37. Ke6) 36... Re3+ $2 {[%emt 0:00:28][%mdl 8192] [#]} (36... Kf7 $16 37. Kd6 Rd3) 37. Kd6 $1 Rxg3 38. Kc7 Kf7 39. d6 {[%emt 0:01:17] d7 would kill now.} Rd3 40. Rc6 Ke6 41. Rc1 Rxb3 42. d7 Rd3 43. d8=Q Rxd8 44. Kxd8 Kf5 45. Rc4 g5 46. Rc5+ 1-0

[Event "13th Palmanova Festival A 2024"]
[Site "Palmanova"]
[Date "2024.12.29"]
[Round "3.7"]
[White "Casadio, Niccolo`"]
[Black "Di Benedetto, Edoardo"]
[Result "0-1"]
[ECO "A25"]
[WhiteElo "2275"]
[BlackElo "2411"]
[Annotator "TA"]
[PlyCount "158"]
[EventDate "2024.12.27"]
[EventCountry "ITA"]
[SourceTitle "playchess.com"]
[Source "ChessBase"]
[SourceQuality "1"]
[TimeControl "6000+30"]

1. c4 e5 2. g3 Nf6 3. Bg2 Nc6 4. Nc3 Bb4 5. Nd5 Bc5 6. e3 O-O {[%emt 0:01:25] A25: English Opening vs King's Indian with ...Nc6 but without early d3.} 7. a3 Nxd5 8. Bxd5 a5 9. Ne2 d6 $146 ({Predecessor:} 9... Ne7 10. Bg2 d5 11. d4 exd4 12. exd4 Ba7 13. c5 c6 14. Nc3 Bb8 15. O-O f5 {0-1 Csoke,A (2156)-Forgo,E (2258) HUN-chT 9900 1999 (3)}) 10. Bg2 Bb6 11. O-O Ne7 12. d4 c6 13. b3 Bg4 14. Bb2 exd4 15. exd4 d5 16. c5 Bc7 17. Qd2 Qd7 18. Rfe1 Ng6 19. Nc1 h5 20. Nd3 f6 21. a4 h4 22. Re3 Rfe8 23. Rae1 Rxe3 24. Qxe3 Bh3 25. Bc3 Bxg2 26. Kxg2 Qf5 27. f3 Kf7 28. Nf2 Rh8 29. Qd3 $2 (29. f4 $11) 29... Qxd3 $2 (29... hxg3 $1 $19 30. Qxf5 (30. hxg3 $2 {loses.} Qg5 $19) 30... Nh4+ (30... gxf2 31. Qe6+ Kf8 32. Qe8#) 31. Kf1 Nxf5 32. hxg3 Bxg3 (32... Nxg3+ $2 33. Kg1 $19)) 30. Nxd3 $15 hxg3 31. hxg3 Ne7 32. f4 Nf5 33. Rb1 (33. Kf3 $1 $15) 33... g5 (33... Re8 $1 $17 {[%cal Re8e3] Threatens to win with ...Re3.} 34. Re1 Re4) 34. b4 $1 $11 axb4 35. Rxb4 Rb8 36. Rb1 gxf4 37. Nxf4 Ke7 38. Kf3 Kd7 39. Rh1 Re8 40. Rh7+ Kc8 41. Kg4 Bxf4 42. Kxf4 Nxg3 43. Kxg3 Re3+ 44. Kf4 Rxc3 45. Kf5 (45. Rh8+ $1 $11 Kc7 46. Rh4) 45... Kb8 $1 $17 46. Ke6 Rd3 (46... Ka7 $1 $19 {aiming for ...Re3+.} 47. Rh1 Rd3) 47. Rh4 $17 Re3+ $1 48. Kxf6 $2 (48. Kd6 $17 {might work better.}) 48... Ka7 $2 ({Black should play} 48... Re4 $1 $19 49. Rh8+ Ka7) 49. Kf5 $11 Re7 50. Rg4 Ka6 51. Rg8 $1 Ka5 52. Ra8+ Kb4 53. Ra7 $2 (53. a5 $11) 53... Kc4 $19 54. a5 Kxd4 55. a6 Re5+ (55... Kxc5 $2 {too greedy.} 56. axb7 $18) 56. Kf6 bxa6 57. Rxa6 Rh5 58. Kg6 Rh1 59. Rxc6 Rc1 60. Kf5 Rxc5 61. Ra6 Kd3 62. Kf4 Rc4+ $2 ({Black should try} 62... Rc8 $19 {( -> ...d4)} 63. Ra3+ Rc3) 63. Kf3 $2 (63. Ke5 $11) 63... d4 64. Ra3+ Kd2 65. Kf2 d3 66. Ra2+ Rc2 67. Ra1 Rc7 68. Ra2+ {[%emt 0:00:00] [#]} Kc1 $1 69. Ra1+ Kb2 70. Ra8 Re7 71. Rd8 Kc2 72. Rc8+ Kd1 73. Rd8 d2 74. Rc8 Rf7+ 75. Kg2 Rf5 76. Rc7 Ke2 77. Re7+ {[%emt 0:00:00] [#]} Kd3 $1 78. Rd7+ Ke3 79. Kg3 Rg5+ 0-1

[Event "13th Palmanova Festival A 2024"]
[Site "Palmanova"]
[Date "2024.12.29"]
[Round "3.8"]
[White "Skrbec, Leon"]
[Black "Hovhannisyan, Mher"]
[Result "1/2-1/2"]
[ECO "D32"]
[WhiteElo "2265"]
[BlackElo "2397"]
[Annotator "TA"]
[PlyCount "191"]
[EventDate "2024.12.27"]
[EventCountry "ITA"]
[SourceTitle "playchess.com"]
[Source "ChessBase"]
[SourceQuality "1"]
[TimeControl "6000+30"]

1. d4 d5 2. c4 e6 3. Nc3 c5 4. cxd5 cxd4 5. Qxd4 Nc6 6. Qd1 exd5 7. e3 Nf6 8. Nf3 a6 9. Be2 Bd6 10. O-O O-O 11. b3 Bg4 12. Bb2 Bc7 13. Ba3 Re8 14. h3 Bh5 15. Nd4 Nxd4 16. Bxh5 Nb5 17. Nxb5 axb5 18. Bc5 Ne4 19. Bd4 b4 20. Bg4 (20. Qc2 $11) 20... Qd6 21. f4 $1 Bb6 22. Re1 (22. Bf3 $11) 22... Nc3 $36 {[%emt 0:07:40][%mdl 2048] Black is in control.} 23. Qd2 Bxd4 24. Qxd4 Re4 25. Qd2 Qc5 26. Kh2 $1 g6 27. Bf3 Re6 28. Qd4 {[%emt 0:06:30] Inhibits Rae8.} (28. Rac1 $15) 28... Qxd4 29. exd4 Rxe1 30. Rxe1 {[%emt 0:00:06] [#]} Rxa2 {[%emt 0:00:05][%mdl 4096] Endgame KRB-KRN. Black is a pawn up.} (30... Kf8 $1 $17 31. f5 Rxa2) 31. Re7 $1 $15 Rd2 32. Rxb7 Rxd4 33. Kg3 Kg7 34. Kf2 $1 {[%emt 0:04:59] Ke3 is the strong threat.} Rxf4 35. g3 Ne4+ 36. Kg2 Rf5 {[%emt 0:00:24] aiming for ...Nc5.} 37. Rxb4 Nd2 38. Bg4 Re5 39. Rb7 Re3 40. Rd7 h5 ({And not} 40... Rxb3 41. Be6 $14) 41. Rxd5 Nxb3 42. Bf3 Rc3 43. Rd7 Nc5 44. Rc7 {[%emt 0:00:00] [#]} Ne4 $1 45. Rxc3 Nxc3 $11 {[%emt 0:00:00] KB-KN. Black is a pawn up.} 46. h4 Kf6 47. Bc6 Ne2 48. Bb5 Nd4 49. Ba4 Nf5 50. Bb3 Nd6 51. Kf3 Kg7 52. Bd5 f5 53. Kf4 Kf6 54. Bc6 $1 Nf7 55. Ba4 Nd8 56. Be8 Ne6+ 57. Kf3 Nc7 58. Ba4 Ke5 59. Bd7 Nd5 60. Be8 Ne7 61. Bf7 Kf6 62. Be8 Nc8 63. Kf4 Ne7 64. Kf3 Nd5 65. Bc6 Nc3 66. Be8 Ne4 67. Kf4 Nc5 68. Kf3 Ne6 69. Ba4 Nd4+ 70. Kf4 Ne6+ 71. Kf3 Nc5 72. Be8 Nb3 73. Kf4 Nd4 74. Ba4 Ne6+ 75. Kf3 g5 76. hxg5+ Kxg5 77. Kg2 Nd4 78. Bd1 Nb5 79. Be2 Nc3 80. Bf3 Ne4 81. Bd1 Nf6 82. Be2 Ng4 83. Kf3 $1 Ne5+ 84. Kg2 Ng6 85. Bd1 Ne7 86. Bf3 Ng8 87. Bd5 Nf6 88. Bf3 Nd7 89. Bd1 Ne5 90. Be2 h4 91. gxh4+ Kxh4 92. Ba6 f4 93. Bb7 Kg5 94. Kf2 f3 95. Bxf3 Nxf3 96. Kxf3 1/2-1/2

[Event "13th Palmanova Festival A 2024"]
[Site "Palmanova"]
[Date "2024.12.29"]
[Round "3.9"]
[White "Dolas, Aarush"]
[Black "Knudsen, Simon"]
[Result "0-1"]
[ECO "B33"]
[WhiteElo "2015"]
[BlackElo "2303"]
[Annotator "RC"]
[PlyCount "62"]
[EventDate "2024.12.27"]
[EventCountry "ITA"]
[SourceTitle "playchess.com"]
[Source "ChessBase"]
[SourceQuality "1"]
[TimeControl "6000+30"]

1. e4 c5 2. Nf3 Nc6 3. d4 cxd4 4. Nxd4 Nf6 5. Nc3 e5 6. Ndb5 d6 7. Bg5 a6 8. Na3 b5 9. Nd5 Be7 10. Bxf6 Bxf6 11. c3 Ne7 12. Nc2 Bb7 13. Nce3 Bg5 14. Nxe7 Bxe3 15. Nd5 Bc5 16. b4 Ba7 17. Be2 O-O 18. O-O Kh8 19. a4 bxa4 20. Rxa4 f5 21. exf5 Rxf5 22. Bf3 e4 23. Bxe4 Rxf2 24. Rxf2 Qh4 25. Qf3 Bxf2+ 26. Kh1 Re8 27. Ra1 Qxe4 28. Qxf2 Qxd5 29. Rf1 h6 30. h3 Re6 31. Qg3 Qe4 0-1

[Event "13th Palmanova Festival A 2024"]
[Site "Palmanova"]
[Date "2024.12.29"]
[Round "3.10"]
[White "Hercegovac, Neven"]
[Black "Pegno, Mattia"]
[Result "0-1"]
[ECO "C45"]
[WhiteElo "2287"]
[BlackElo "2243"]
[Annotator "RC"]
[PlyCount "96"]
[EventDate "2024.12.27"]
[EventCountry "ITA"]
[SourceTitle "playchess.com"]
[Source "ChessBase"]
[SourceQuality "1"]
[TimeControl "6000+30"]

1. e4 e5 2. Nf3 Nc6 3. d4 exd4 4. Nxd4 Nf6 5. Nxc6 bxc6 6. Nd2 d5 7. exd5 cxd5 8. Bb5+ Bd7 9. Bxd7+ Qxd7 10. O-O Be7 11. b3 O-O 12. Bb2 Rfe8 13. Qf3 Qg4 14. Rad1 c6 15. Rfe1 Bb4 16. Rxe8+ Rxe8 17. Bxf6 Qxf3 18. Nxf3 gxf6 19. Kf1 a5 20. a4 Kg7 21. g3 Kg6 22. Rd4 h5 23. Rd3 f5 24. c3 Bc5 25. c4 dxc4 26. Rc3 Bb4 27. Rxc4 c5 28. Nh4+ Kf6 29. Rf4 Re5 30. Rf3 Rd5 31. Kg2 Ke6 32. Kh3 Bd2 33. Ng2 Rd4 34. Ne3 Rd3 35. Kg2 Bxe3 36. Rxe3+ Rxe3 37. fxe3 Kd5 38. Kf3 c4 39. bxc4+ Kxc4 40. Kf4 Kb4 41. Kxf5 Kxa4 42. Kf6 Kb5 43. e4 a4 44. e5 a3 45. Kxf7 a2 46. e6 a1=Q 47. e7 Qf1+ 48. Kg7 Qe2 0-1

[Event "13th Palmanova Festival A 2024"]
[Site "Palmanova"]
[Date "2024.12.29"]
[Round "3.11"]
[White "Rossi, Gabriele Valerio"]
[Black "Solomon, Kenny"]
[Result "1/2-1/2"]
[ECO "B07"]
[WhiteElo "2007"]
[BlackElo "2277"]
[Annotator "RC"]
[PlyCount "62"]
[EventDate "2024.12.27"]
[EventCountry "ITA"]
[SourceTitle "playchess.com"]
[Source "ChessBase"]
[SourceQuality "1"]
[TimeControl "6000+30"]

1. d4 g6 2. e4 d6 3. Nc3 c6 4. h3 Nf6 5. Be3 Bg7 6. Bd3 e5 7. dxe5 dxe5 8. a4 Qe7 9. a5 Nbd7 10. f3 Nh5 11. Nge2 Nc5 12. Na4 Ne6 13. c3 Nhf4 14. Nxf4 exf4 15. Bf2 O-O 16. O-O Rd8 17. Qe2 Bf6 18. Rfd1 Bh4 19. b4 Bxf2+ 20. Qxf2 Ng5 21. Bf1 Bd7 22. Qc5 Qf6 23. Qd4 Qe7 24. Qc5 Kf8 25. Bc4 Be6 26. Bxe6 Nxe6 27. Rxd8+ Rxd8 28. Qxa7 Rd2 29. Rf1 Qg5 30. Rf2 Rd1+ 31. Rf1 Rd2 1/2-1/2